 Dungeon Crawl Stone Soup version 0.26-a0-778-g3fe0686644 (webtiles) character file.

Game seed: 11581512395916603779

5 strifetoe the Skirmisher (level 1, -3/19 HPs)
             Began as a Hill Orc Fighter on Nov 11, 2020.
             Slain by Sigmund
             ... wielding a cursed -3 scythe
              (4 damage)
             ... on level 2 of the Dungeon.
             The game lasted 00:00:18 (138 turns).

strifetoe the Skirmisher (Hill Orc Fighter)          Turns: 138, Time: 00:00:18

Health: -3/19      AC:  6    Str: 18    XL:     1   Next: 80%
Magic:  1/1        EV:  7    Int:  8    God:
Gold:   4          SH:  0    Dex: 10    Spells: 0/0 levels left

rFire    . . .     SeeInvis .   a - +0 war axe
rCold    . . .     Faith    .   c - +0 kite shield
rNeg     . . .     Spirit   .   b - +0 scale mail
rPois    .         Reflect  .   (no helmet)
rElec    .         Harm     .   (no cloak)
rCorr    .         Rampage  .   (no gloves)
MR       .....                  (no boots)
Stlth    ..........             (no amulet)
HPRegen  0.06/turn              (no ring)
MPRegen  0.07/turn              (no ring)

@: confused, mighty
A: no striking features
a: no special abilities


You were on level 2 of the Dungeon.
You visited 1 branch of the dungeon, and saw 2 of its levels.

You collected 4 gold pieces.

Inventory:

Hand Weapons
 a - a +0 war axe (weapon)
Armour
 b - a +0 scale mail (worn)
 c - a +0 kite shield (worn)


   Skills:
 - Level 3.6 Fighting
 + Level 3.4 Axes
 - Level 3.2 Armour
 - Level 3.2 Shields


You couldn't memorise any spells.
You didn't know any spells.
Your spell library was empty.

Dungeon Overview and Level Annotations

Branches:
Dungeon (2/15)

Altars:

Annotations:
D:2 Sigmund


Message History

Sigmund hits you from afar with a cursed -3 scythe.
Unknown command.
Sigmund hits you but does no damage. Sigmund gestures at you while chanting.
The puff of flame misses you.
Unknown command.
Sigmund casts a spell at you. You resist with significant effort.
Sigmund hits you with a cursed -3 scythe!
Ouch! That really hurt!
* * * LOW HITPOINT WARNING * * *
Unknown command.
Your scale mail prevents you from hitting Sigmund.
Sigmund closely misses you.
You feel less confused.
Unknown command.
Sigmund gestures at you while chanting.
You are confused.
Sigmund hits you from afar with a cursed -3 scythe.
You die...

.##.####..........
+##...........#...
.........!........
...?.......†..#...
....##...#.......
.#.. #...#......#
....##.@.#......#
##..............#
.......@.......#
.....#....#.#....
.....#.####.# ..
........ #
.....#.# ....#.
... .#


You could see Sigmund.

Vanquished Creatures
  A dart slug (D:1)
  A goblin (D:1)
  A ball python (D:2)
  A rat (D:2)
4 creatures vanquished.

Notes
Turn   | Place    | Note
-------+----------+-------------------------------------------
     0 | D:1      | strifetoe the Hill Orc Fighter began the quest for the Orb.
     0 | D:1      | Reached XP level 1. HP: 19/19 MP: 1/1
   120 | D:2      | Noticed Sigmund
   138 | D:2      | Slain by Sigmund

Illustrated notes

Levels and vault maps discovered:
D:1:      dpeg_arrival_water_altar, layout_loops_corners, serial_aquarium,
          aquarium_bridge_square [aquarium_subvault_bridge,
          aquarium_subvault_bridge, aquarium_subvault_bridge,
          aquarium_subvault_wall], aquarium_window_fake, aquarium_window_2,
          aquarium_window_corner, aquarium_window_corridor_1, aquarium_view_2e,
          aquarium_view_2e, aquarium_balcony_1b, hangedman_feature_mirror
D:2:      layout_basic, fedhas_ov_isle_minmay, uniq_sigmund

Skill      XL: |  1 |
---------------+----+-----
Axes           | 3 |  3.4
Fighting       | |  3.6
Armour         | |  3.2
Shields        | |  3.2

Action                   || total
-------------------------++-------
Melee: War axe           ||     8
  Use: Potion            ||     1
Armor: Scale mail        ||     1
Dodge: Dodged            ||     4
Block: Kite shield       ||     4

Table legend: (Time is in decaauts)
 A = Elapsed time spent in this place.
 B = Non-inter-level travel time spent in this place.
 C = Inter-level travel time spent in this place.
 D = Time resting spent in this place.
 E = Time spent auto-exploring this place.
 F = Levels seen in this place.
 G = Mean time per level.
                   A        B        C        D        E       F      G
               +--------+--------+--------+--------+--------+-----+--------+
         Total |    141 |    135 |      6 |      0 |     97 |   2 |   70.5 |
       Dungeon |    141 |    135 |      6 |      0 |     97 |   2 |   70.5 |
               +--------+--------+--------+--------+--------+-----+--------+

Top non-repeatable levels by time:
     D:1: 113 daAuts
     D:2: 27 daAuts
